 Dungeon Crawl Stone Soup version 0.31-a0-851-g7ff8af7976 (webtiles) character file.

Game seed: 12372488436212986306

25 AiryTheDragon the Stinger (level 2, 0/19 HPs)
             Began as a Demonspawn Venom Mage on Oct 6, 2023.
             Succumbed to a kobold's poison
             ... on level 1 of the Dungeon.
             The game lasted 00:04:51 (645 turns).

AiryTheDragon the Stinger (Demonspawn Venom Mage)    Turns: 645, Time: 00:04:52

Health: 0/19       AC:  2    Str:  8    XL:     2   Next: 82%
Magic:  4/5        EV:  9    Int: 16    God:
Gold:   37         SH:  7    Dex: 13    Spells: 4/5 levels left

rFire   + . .        c - +0 sling
rCold   + . .        d - +0 kite shield
rNeg    . . .        a - +0 robe
rPois   +            (no helmet)
rElec   +            (no cloak)
rCorr   +            (no gloves)
SInv    .            (no boots)
Will    .....        (no amulet)
Stlth   ++           (no ring)
HPRegen 0.23/turn    (no ring)
MPRegen 0.09/turn

%: no passive effects
@: mighty, lethally poisoned (0 -> -14), resistant, very slightly contaminated
A: demonic guardian 1
a: no special abilities


You were on level 1 of the Dungeon.
You visited 1 branch of the dungeon, and saw 1 of its levels.

You collected 37 gold pieces.

Inventory:

Hand Weapons
 c - a +0 sling (weapon)
Armour
 a - a +0 robe (worn)
 d - a +0 kite shield (worn)
Scrolls
 f - a scroll of noise
 h - a scroll of enchant armour {unknown}
 i - a scroll of enchant weapon {unknown}
Potions
 b - a potion of magic
 j - a potion of resistance


   Skills:
 + Level 0.2 Fighting
 + Level 1.4 Ranged Weapons
 + Level 1.9 Dodging
 + Level 1.9 Stealth
 + Level 2.0 Spellcasting
 + Level 0.8 Transmutations
 + Level 3.3 Poison Magic


You had 4 spell levels left.
You knew the following spells:

 Your Spells              Type           Power      Damage    Failure   Level
a - Sting                 Tmut/Pois      32%        1d4       54%         1

Your spell library contained the following spells:

 Spells                   Type           Power      Damage    Failure   Level
 Poisonous Vapours        Pois/Air       14%        N/A       75%         2
 Mephitic Cloud           Conj/Pois/Air  5%         N/A       96%         3
 Olgreb's Toxic Radiance  Pois           12%        N/A       98%         4


Dungeon Overview and Level Annotations

Branches:
Dungeon (1/15)

Altars:


Innate Abilities, Weirdness & Mutations

A weak demonic guardian rushes to your aid.


Message History

You shoot a sling bullet.
The sling bullet hits the giant cockroach.
The giant cockroach is almost dead.
The kobold throws a stone.
You block the stone.
You shoot a sling bullet.
The sling bullet hits the giant cockroach.
You kill the giant cockroach!
You shoot a sling bullet.
The sling bullet hits the kobold but does no damage.
The kobold throws a stone.
The stone hits you.
You shoot a sling bullet. The sling bullet misses the kobold.
The kobold throws a stone.
The stone hits you.
You shoot a sling bullet.
The sling bullet closely misses the kobold.
You shoot a sling bullet.
The sling bullet closely misses the kobold.
The bat hits you but does no damage. The bat hits you.
You block the kobold's attack.
The kobold hits you with a +1 whip of venom.
Casting: Sting (safe; 54% risk of failure)
Confirm with . or Enter, or press ? or * to list all spells.
Aiming: Sting (safe; 54% risk of failure)
Press: ? - help, Shift-Dir - straight line, f/p - kobold
Aim: a kobold, wielding a +1 whip of venom and quivering stones (60% to hit)
You miscast Sting.
You are very lightly contaminated with residual magic.
Nothing appears to happen.
The bat hits you but does no damage.
The kobold hits you with a +1 whip of venom.
It was a potion of resistance.
You feel protected. The bat hits you. You block the kobold's attack.
As you read the scroll labelled MAONWO COGHAYD, it crumbles to dust.
It is a scroll of identify.
f - a scroll of noise The kobold hits you with a +1 whip of venom.
* * * LOW HITPOINT WARNING * * *
You are lethally poisoned!
It was a potion of might.
You feel very mighty all of a sudden.
You die...

..)..#
#.♣♣♣♣♣........
.....#
#..)..#########.
.....# ##....#
.....#####....####
..................
######........#######
#..............#
#..............#.#.
#÷.........@K.†.$..
#........#..b......
#.........###......
#......♣♣.♣ ......
#......♣♣.♣ .....
#######♣♣.P .....
♣.P♣ .... ♣.♣ ....
#..


You could see a bat and a kobold.

Vanquished Creatures
  A dart slug (D:1)
  3 endoplasms (D:1)
  2 giant cockroaches (D:1)
  A goblin (D:1)
  2 hobgoblins (D:1)
  3 kobolds (D:1)
  A quokka (D:1)
  2 ball pythons (D:1)
  A rat (D:1)
16 creatures vanquished.

Vanquished Creatures (collateral kills)
  A dart slug (D:1)
1 creature vanquished.

Grand Total: 17 creatures vanquished

Notes
Turn   | Place    | Note
-------+----------+-------------------------------------------
     0 | D:1      | AiryTheDragon the Demonspawn Venom Mage began the quest for
                  | the Orb.
     0 | D:1      | Reached XP level 1. HP: 13/13 MP: 3/3
    63 | D:1      | Reached skill level 1 in Ranged Weapons
   269 | D:1      | Gained mutation: A weak demonic guardian rushes to your
                  | aid. [demonic ancestry]
   269 | D:1      | Reached XP level 2. HP: 19/19 MP: 5/5
   645 | D:1      | Succumbed to a kobold's poison

Illustrated notes

Levels and vault maps discovered:
D:1:      dpeg_arrival_simpleton_c, layout_basic, serial_forest,
          infiniplex_forest_zigzag_1, infiniplex_forest_clump_small,
          infiniplex_forest_zigzag_1, infiniplex_forest_clump_tiny,
          infiniplex_forest_clump_tiny, infiniplex_forest_end_1,
          infiniplex_forest_straight_4, infiniplex_forest_straight_4,
          serial_shops, shop, st_stairs_14, minmay_misc_feat_pillars,
          minmay_misc_feat_doors

Skill      XL: |  1 |
---------------+----+-----
Ranged Weapons | 1 |  1.4
Fighting       | |  0.2
Dodging        | |  1.9
Stealth        | |  1.9
Spellcasting   | |  2.0
Transmutations | |  0.8
Poison Magic   | |  3.3

Action                     || total
---------------------------++-------
   Fire: Sling             ||    51
   Cast: Sting             ||     4
    Use: Potion            ||     2
         Scroll            ||     1
 Armour: Robe              ||    29
  Dodge: Dodged            ||     5
  Block: Kite shield       ||    11

Table legend: (Time is in decaauts)
 A = Elapsed time spent in this place.
 B = Non-inter-level travel time spent in this place.
 C = Inter-level travel time spent in this place.
 D = Time resting spent in this place.
 E = Time spent auto-exploring this place.
 F = Levels seen in this place.
 G = Mean time per level.
                   A        B        C        D        E       F      G
               +--------+--------+--------+--------+--------+-----+--------+
         Total |    678 |    678 |      0 |      0 |    526 |   1 |  678.0 |
       Dungeon |    678 |    678 |      0 |      0 |    526 |   1 |  678.0 |
               +--------+--------+--------+--------+--------+-----+--------+

Top non-repeatable levels by time:
     D:1: 678 daAuts
